 Dungeon Sprint DCSS version 0.21-a0-372-gd0ff781 (webtiles) character file.

165 Kidiri the Thaumaturge (level 5, -4/28 HPs)
             Began as a Deep Elf Fire Elementalist on Oct 16, 2017.
             Slain by a sun demon (16 damage)
             ... summoned by a kobold demonologist
             ... in the Dungeon (Sprint III: "The Ten Rune Challenge").
             The game lasted 00:02:21 (330 turns).

Kidiri the Thaumaturge (Deep Elf Fire Elementalist)  Turns: 330, Time: 00:02:21

Health: -4/28      AC:  3    Str:  7    XL:     5   Next: 22%
Magic:  11/19      EV: 13    Int: 21    God:
Gold:   24         SH:  0    Dex: 15    Spells: 11/24 levels left

rFire    . . .     SeeInvis .   m - +2 quarterstaff (chaos)
rCold    . . .     Gourm    .   (shield currently unavailable)
rNeg     . . .     Faith    .   a - +0 robe
rPois    .         Spirit   .   (no helmet)
rElec    .         Reflect  .   n - +0 cloak
rCorr    .         Harm     .   (no gloves)
MR       .....     NoTele   +   (no boots)
Stlth    ++........             (no amulet)
HPRegen  0.49/turn              (no ring)
MPRegen  0.16/turn              (no ring)

@: no status effects
A: regeneration 1, strong 1
a: no special abilities


You were in the Dungeon.
You were not hungry.

You visited 1 branch You collected 24 gold pieces.

Inventory:

Hand Weapons
 m - a +2 quarterstaff of chaos (weapon)
Armour
 a - a +0 robe (worn)
 n - a +0 cloak (worn)
Scrolls
 i - a scroll of blinking
 j - 8 scrolls of identify
 p - a scroll of holy word {unknown}
 t - a scroll of immolation {unknown}
 u - a scroll of remove curse {unknown}
Potions
 d - a potion of curing
 e - a potion of heal wounds
 f - a potion of haste
 g - 2 potions of magic
 h - a potion of berserk rage
 l - a potion of agility {unknown}
 o - a potion of mutation
 r - a potion of might {unknown}
 s - 3 potions of flight
Books
 b - a book of Flames

   Spells                             Type                      Level
   a - Flame Tongue                   Conjuration/Fire             1
   b - Throw Flame                    Conjuration/Fire             2
   c - Conjure Flame                  Conjuration/Fire             3
   d - Inner Flame                    Hexes/Fire                   3
   e - Sticky Flame                   Conjuration/Fire             4
   f - Fireball                       Conjuration/Fire             5
Comestibles
 c - a bread ration
 q - 4 fruits
 v - a royal jelly


   Skills:
 - Level 2.4 Dodging
 - Level 2.4 Stealth
 * Level 10.2 Spellcasting
 + Level 5.8 Conjurations
 + Level 6.6 Fire Magic


You had 11 spell levels left.
You knew the following spells:

 Your Spells              Type           Power        Failure   Level  Hunger
a - Flame Tongue          Conj/Fire      #####        1%          1    None
b - Throw Flame           Conj/Fire      #####.       1%          2    None
c - Conjure Flame         Conj/Fire      #####...     1%          3    None
d - Inner Flame           Hex/Fire       ###.....     4%          3    None
e - Sticky Flame          Conj/Fire      #####...     4%          4    ##.....


Dungeon Overview and Level Annotations

Branches:
Dungeon (1/1)

Altars:
Kikubaaqudgha
Sif Muna
Vehumet


Innate Abilities, Weirdness & Mutations

Your natural rate of healing is unusually fast.
Your muscles are strong. (Str +2)


Message History

Unknown command.
The wizard burns!
The wizard hits you but does no damage.
The kobold demonologist casts a spell.
Unknown command.
Casting: Sticky Flame
Confirm with . or Enter, or press ? or * to list all spells.
Aiming: Sticky Flame
Press: ? - help, Shift-Dir - straight line, f - kobold demonologist, p - wizard
Aim: a kobold demonologist, wielding a dagger and wearing a robe The sticky flame hits the kobold demonologist.
The kobold demonologist appears unharmed.
The kobold demonologist is covered in liquid flames!
The wizard burns!
You kill the wizard!
Your Spellcasting skill increases to level 10!
The kobold demonologist burns!
The sun demon hits you!
Ouch! That really hurt!
You are engulfed in flames!
Ouch! That really hurt!
You die...

####......♣ ♣♣.#
...#....≈.♣♣♣..###+#+###+
...#...≈≈♣.♣♣♣.#.........
...#..≈≈≈≈.♣♣♣.'.⌠.......
##'#..≈≈≈≈≈≈.♣.#...#####
.[.#.≈≈≈≈≈≈....#.⌠.#
...#.≈≈≈≈≈.....#...#
...#.≈≈≈.......#3###
####...........#@)$#
...............#_K_#
▓▓▓▓▓▓▓▓▓▓▓▓▓▓▓▓▓▓▓▓


You could see a sun demon and a kobold demonologist (burning).

Vanquished Creatures
  A water elemental (D)
  Crazy Yiuf (D)
  Jessica (D)
  A wizard (D)
  A human (D)
  2 oozes (D)
  A rat (D)
8 creatures vanquished.

Vanquished Creatures (others)
  2 draconian scorchers (D)
  6 hellions (D)
  A yaktaur (D)
  A plant (D)
10 creatures vanquished.

Grand Total: 18 creatures vanquished

Notes
Turn   | Place    | Note
-------+----------+-------------------------------------------
     0 | D        | Kidiri the Deep Elf Fire Elementalist began the quest for the Orb.
     0 | D        | Reached XP level 1. HP: 10/10 MP: 6/6
     3 | D        | Reached skill level 4 in Spellcasting
     6 | D        | Reached XP level 2. HP: 15/15 MP: 2/9
     8 | D        | Killed a yaktaur
    10 | D        | Learned a level 2 spell: Throw Flame
    71 | D        | Reached skill level 5 in Spellcasting
    72 | D        | Noticed Jessica
    77 | D        | Killed Jessica
    77 | D        | Reached skill level 6 in Spellcasting
    77 | D        | Reached XP level 3. HP: 19/19 MP: 3/13
    82 | D        | Learned a level 3 spell: Conjure Flame
    86 | D        | Learned a level 3 spell: Inner Flame
   100 | D        | Killed a hellion
   101 | D        | Killed a hellion
   102 | D        | Killed a hellion
   104 | D        | Killed a hellion
   114 | D        | Killed a hellion
   146 | D        | Killed a white draconian scorcher
   158 | D        | Killed a hellion
   166 | D        | Noticed Crazy Yiuf
   172 | D        | Killed Crazy Yiuf
   172 | D        | Reached skill level 7 in Spellcasting
   172 | D        | Reached skill level 5 in Fire Magic
   197 | D        | Gained mutation: You are clumsy. (Dex -2) [potion of mutation]
   197 | D        | Gained mutation: You are somewhat resistant to further mutation. [potion of mutation]
   198 | D        | Lost mutation: You are clumsy. (Dex -2) [potion of mutation]
   198 | D        | Gained mutation: You are weak. (Str -2) [potion of mutation]
   199 | D        | Lost mutation: You are somewhat resistant to further mutation. [potion of mutation]
   199 | D        | Lost mutation: You are weak. (Str -2) [potion of mutation]
   199 | D        | Gained mutation: Your muscles are strong. (Str +2) [potion of mutation]
   199 | D        | Gained mutation: Your natural rate of healing is unusually fast. [potion of mutation]
   206 | D        | Killed a white draconian scorcher
   225 | D        | Reached skill level 8 in Spellcasting
   225 | D        | Reached XP level 4. HP: 24/24 MP: 8/16
   231 | D        | Learned a level 4 spell: Sticky Flame
   276 | D        | Noticed a water elemental
   279 | D        | Killed a water elemental
   279 | D        | Reached skill level 9 in Spellcasting
   279 | D        | Reached skill level 5 in Conjurations
   279 | D        | Reached XP level 5. HP: 28/28 MP: 11/19
   326 | D        | Found a radiant altar of Vehumet.
   327 | D        | Found a deep blue altar of Sif Muna.
   327 | D        | Found an ancient bone altar of Kikubaaqudgha.
   330 | D        | Noticed a sun demon
   330 | D        | Reached skill level 10 in Spellcasting
   330 | D        | Slain by a sun demon

Vault maps used:
D:        dungeon_sprint_mu

Skill      XL: |  1  2  3  4  5 |
---------------+----------------+-----
Spellcasting   | 4 6 8 9 10 | 10.2
Conjurations   | 2 3 4 5 |  5.8
Fire Magic     | 4 5 6 |  6.6
Dodging        | |  2.4
Stealth        | |  2.4

Action                   |  1- 3 |  4- 6 || total
-------------------------+-------+-------++-------
 Cast: Flame Tongue      |    18 |     4 ||    22
       Throw Flame       |     2 |       ||     2
       Conjure Flame     |       |     1 ||     1
       Sticky Flame      |       |     2 ||     2
  Use: Potion            |     3 |       ||     3
Armor: Robe              |     1 |     1 ||     2
Dodge: Dodged            |     1 |     1 ||     2

Table legend:
 A = Spawn XP
 B = Non-spawn XP
 C = Spawn XP percentage of total XP
 D = Spawn monster count
 E = Non-spawn monster count
 F = Spawn count percentage of total count
 G = Total turns spent on level
                    A         B        C        D         E        F      G
               +---------+---------+-------+---------+---------+-------+---------
         Total |       0 |     237 |   0.0 |       0 |       8 |   0.0 |   330
               +---------+---------+-------+---------+---------+-------+---------
             D |       0 |     237 |   0.0 |       0 |       8 |   0.0 |   330
               +---------+---------+-------+---------+---------+-------+---------
